[Event "Team 45 45 League T48"]
[Site "Internet Chess Club"]
[Date "2011.02.26"]
[Round "3"]
[White "FractalDante"]
[Black "Deadly-Spike"]
[Result "1-0"]
[WhiteElo "1484"]
[BlackElo "1423"]
[Opening "Sicilian: Richter-Rauzer, Rauzer attack, 7...Be7"]
[ECO "B63"]
[Time "14:00:39"]
[TimeControl "2700+45"]

1. e4 c5 2. Nf3 d6 3. d4 cxd4 4. Nxd4 Nf6 5. Nc3 Nc6 6. Bg5 e6 7. Qd2 Be7 8.
O-O-O O-O 9. h4 h6 10. Be3 Nxd4 11. Bxd4 e5 12. Be3 Be6 13. Kb1 a6 14. f3 b5 15.
g4 Nd7 16. Nd5 Rb8 17. Nxe7+ Qxe7 18. Qxd6 Qxd6 19. Rxd6 Ra8 20. Be2 Rfd8 21.
Rhd1 Kf8 22. h5 Ke8 23. g5 hxg5 24. Bxg5 Rdc8 25. Rg1 Ra7 26. b3 Rac7 27. Bd3
Rc6 28. Rxc6 Rxc6 29. Bh4 Kf8 30. Bf2 Nf6 31. Rh1 Kg8 32. Be3 Kf8 33. Bg5 Nh7
34. Be3 Nf6 35. f4 exf4 36. Bxf4 Bg4 37. h6 gxh6 38. Rxh6 Re6 39. e5 Nh5 40.
Rxe6 fxe6 41. Bg5 Ng3 42. Kb2 Ke8 43. Kc3 Kd7 44. Kb4 Bf3 45. a4 bxa4 46. Kxa4
Bb7 47. Ka5 {Black resigns} 1-0

[Event "Team 45 45 League T48"]
[Site "Internet Chess Club"]
[Date "2011.02.27"]
[Round "3"]
[White "parpin"]
[Black "justice02"]
[Result "0-1"]
[WhiteElo "1827"]
[BlackElo "1718"]
[Opening "Caro-Kann: classical variation"]
[ECO "B18"]
[Time "14:00:22"]
[TimeControl "2700+45"]

1. e4 c6 2. d4 d5 3. Nc3 dxe4 4. Nxe4 Bf5 5. Ng3 Bg6 6. Nf3 Nf6 7. h4 h6 8. Ne5
Bh7 9. Bc4 e6 10. Qe2 Qc7 11. Bf4 Nd5 12. Bxd5 Qa5+ 13. c3 Qxd5 14. O-O Be7 15.
h5 O-O 16. Qg4 Kh8 17. Rad1 Qd8 18. c4 Nd7 19. d5 cxd5 20. cxd5 Nf6 21. Qf3 exd5
22. Qe3 Bd6 23. Nc4 Bxf4 24. Qxf4 Qe7 25. Rfe1 Qb4 26. a3 Qxc4 27. Rd4 Qc2 28.
Qd6 Qxb2 29. Rf4 Rfe8 30. Rd1 Qe5 31. Qb4 Nxh5 32. Rxf7 Nxg3 33. fxg3 Qxg3 34.
Rdf1 Re2 35. R1f2 Rxf2 36. Rxf2 Be4 37. Qe7 Rc8 {White resigns} 0-1

[Event "Team 45 45 League T48"]
[Site "Internet Chess Club"]
[Date "2011.02.23"]
[Round "3"]
[White "sbaker831"]
[Black "Timotheous"]
[Result "1/2-1/2"]
[WhiteElo "1650"]
[BlackElo "1688"]
[Opening "English: symmetrical, main line with b3"]
[ECO "A38"]
[Time "19:00:37"]
[TimeControl "2700+45"]

1. Nf3 Nf6 2. c4 c5 3. Nc3 g6 4. g3 Bg7 5. Bg2 O-O 6. O-O Nc6 7. b3 b6 8. Bb2
Bb7 9. Rb1 a6 10. d3 e6 11. Nd2 Qc7 12. Nce4 Nxe4 13. Nxe4 Bxb2 14. Rxb2 f5 15.
Nc3 Ne7 16. e4 fxe4 17. Nxe4 Nc6 18. Qg4 Qe5 19. Rd2 Rab8 20. Qg5 Rf5 21. Qe3
Nd4 22. f4 Qc7 23. b4 Ba8 24. a4 Rbf8 25. b5 a5 26. Bh3 Bxe4 27. dxe4 R5f7 28.
Bg2 {Game drawn by mutual agreement} 1/2-1/2

[Event "Team 45 45 League T48"]
[Site "Internet Chess Club"]
[Date "2011.03.06"]
[Round "3"]
[White "Zugzwanged"]
[Black "ScotchYeti"]
[Result "1-0"]
[WhiteElo "1569"]
[BlackElo "1604"]
[Opening "Sicilian: closed"]
[ECO "B23"]
[Time "16:00:25"]
[TimeControl "2700+45"]

1. e4 c5 2. Nc3 d6 3. f4 Nc6 4. Nf3 Bg4 5. Bb5 Qc7 6. Nd5 Qc8 7. d3 e6 8. Nc3 g6
9. O-O Bg7 10. Bxc6+ Qxc6 11. Qe1 Bxf3 12. Rxf3 Ne7 13. Qh4 Qd7 14. f5 gxf5 15.
Bg5 Ng6 16. Qg3 Be5 17. Qe1 f4 18. Ne2 f6 19. Bxf4 Nxf4 20. Nxf4 O-O-O 21. c3
Qf7 22. Qf2 b5 23. d4 cxd4 24. cxd4 Bxf4 25. Rxf4 Rhf8 26. Rc1+ Kd7 27. e5 dxe5
28. dxe5 Ra8 29. Rxf6 Qg7 30. Qd4+ Ke8 31. Rxe6+ Kf7 32. Rc7+ Kxe6 33. Rxg7 Rad8
34. Qg4+ Kxe5 35. Rg5+ Kd6 36. h3 Kc7 37. Rxb5 Kc6 38. Qc4+ Kd6 39. Rd5+ Ke7 40.
Rxd8 Rxd8 41. Qc5+ {Black resigns} 1-0

[Event "Team 45 45 League T48"]
[Site "Internet Chess Club"]
[Date "2011.02.28"]
[Round "3"]
[White "cepheid"]
[Black "zigzag2002"]
[Result "1-0"]
[WhiteElo "1636"]
[BlackElo "1756"]
[Opening "Sicilian: Alapin's variation (2.c3)"]
[ECO "B22"]
[Time "18:00:08"]
[TimeControl "2700+45"]

1. e4 c5 2. c3 d5 3. exd5 Qxd5 4. d4 Nc6 5. Nf3 cxd4 6. cxd4 e5 7. Nc3 Bb4 8.
Bd2 Bxc3 9. Bxc3 e4 10. Ne5 Nxe5 11. dxe5 Ne7 12. Be2 Be6 13. O-O O-O 14. Qc1
Ng6 15. Rd1 Qc6 16. Rd6 Qc8 17. Qe3 Bf5 18. Rad1 Ne7 19. Qg5 Nc6 20. e6 Bg6 21.
exf7+ Rxf7 22. Bc4 Qf8 23. Bxf7+ Qxf7 24. Rd7 Qe6 25. Rxg7+ Kf8 26. Qf6+ Qxf6
27. Bxf6 b6 28. Rdd7 Rc8 29. Rc7 Rd8 30. Bxd8 Nxd8 31. Rxa7 Nc6 32. Rxh7 Nxa7
33. Rxa7 Be8 34. a4 b5 35. axb5 Bxb5 36. h4 Be8 37. Kh2 Bg6 38. Kg3 Ke8 39. Kf4
Kd8 40. Ra4 Kd7 41. Rxe4 Bxe4 42. Kxe4 Ke6 43. b4 Kd6 44. h5 Kc6 45. h6 Kb5 46.
h7 Kxb4 47. h8=Q Kb5 48. Qc8 Kb4 49. Kd4 Kb5 50. Qc5+ Ka6 51. Qb4 Ka7 52. Kc5
Ka8 53. Kc6 Ka7 54. Qb7# {Black checkmated} 1-0

[Event "Team 45 45 League T48"]
[Site "Internet Chess Club"]
[Date "2011.02.23"]
[Round "3"]
[White "toukon"]
[Black "gandre"]
[Result "1-0"]
[WhiteElo "1691"]
[BlackElo "1642"]
[Opening "QGD: Cambridge Springs defense, Bogolyubov variation"]
[ECO "D52"]
[Time "21:00:06"]
[TimeControl "2700+45"]

1. d4 d5 2. c4 e6 3. Nc3 Nf6 4. Bg5 Nbd7 5. e3 c6 6. Nf3 Qa5 7. Nd2 Bb4 8. Qc2
Ne4 9. Ndxe4 dxe4 10. Bh4 O-O 11. Be2 e5 12. O-O f5 13. a3 Bxc3 14. bxc3 Nf6 15.
Bg3 exd4 16. cxd4 b6 17. Rfc1 Bd7 18. c5 b5 19. a4 bxa4 20. Rxa4 Qd8 21. Rca1 a5
22. Qd2 Be6 23. Rxa5 Rxa5 24. Rxa5 Nd5 25. Ra7 Qf6 26. Be5 Qh6 27. Rxg7+ Kh8 28.
Rg6+ {Black resigns} 1-0

[Event "Team 45 45 League T48"]
[Site "Internet Chess Club"]
[Date "2011.02.27"]
[Round "3"]
[White "BYOB69"]
[Black "trickey1872"]
[Result "0-1"]
[WhiteElo "1684"]
[BlackElo "1627"]
[Opening "Queen's pawn: London system"]
[ECO "A45"]
[Time "17:06:17"]
[TimeControl "2700+45"]

1. d4 Nf6 2. Bf4 c6 3. c4 d5 4. e3 Qb6 5. Qb3 Qxb3 6. axb3 Bf5 7. Nd2 Na6 8. Ra4
Nh5 9. Bg5 h6 10. Bh4 g5 11. Bg3 Nxg3 12. hxg3 Nc7 13. Ngf3 Bg7 14. c5 b5 15.
Ra5 g4 16. Ng1 e5 17. dxe5 Ne6 18. b4 Bxe5 19. Ra2 h5 20. Ne2 Bg6 21. Nf4 Bxf4
22. gxf4 h4 23. Be2 Bf5 24. Ra1 h3 25. gxh3 gxh3 26. Nf1 Ng7 27. Ng3 Bd7 28. Rh2
Kd8 29. Kd2 Kc7 30. Rah1 a5 31. bxa5 Rxa5 32. Bf1 Ra1 33. Bd3 Rxh1 34. Rxh1 b4
35. f5 Ne8 36. f3 Nf6 37. Bf1 h2 38. Bd3 Rg8 39. Nf1 Rg2+ 40. Kc1 Bxf5 41. Bxf5
Rg1 42. Rxh2 Rxf1+ 43. Kd2 Rxf3 44. Bd3 Nd7 45. Ke2 Rf6 46. Rh4 b3 47. e4 dxe4
48. Rxe4 Re6 49. Rxe6 fxe6 50. Bc4 Nxc5 51. Kd2 Kd6 52. Kc3 Ke5 53. Kd2 Kd4 54.
Bf1 e5 55. Bg2 Ne4+ 56. Ke2 c5 57. Kd1 Nf2+ 58. Ke2 Ng4 59. Kd2 c4 60. Bf3 Ne3
61. Be2 e4 62. Kc1 c3 63. Bh5 Nd5 64. bxc3+ Kxc3 65. Bf7 b2+ 66. Kb1 Nb4 67. Bc4
Kxc4 68. Kxb2 Kd3 {White resigns} 0-1

[Event "Team 45 45 League T48"]
[Site "Internet Chess Club"]
[Date "2011.02.24"]
[Round "3"]
[White "BaumDeezy"]
[Black "makramkozman"]
[Result "1-0"]
[WhiteElo "1511"]
[BlackElo "1534"]
[Opening "English opening"]
[ECO "A13"]
[Time "20:03:35"]
[TimeControl "2700+45"]

1. c4 e6 2. g3 Nf6 3. Bg2 c5 4. Nc3 Nc6 5. Nf3 Be7 6. O-O O-O 7. d4 cxd4 8. Nxd4
a6 9. b3 Qb6 10. Be3 Qa5 11. Nxc6 dxc6 12. Qc2 Rd8 13. Rfd1 Bd7 14. Na4 Qf5 15.
Qxf5 exf5 16. Nb6 Rab8 17. Bf4 Rbc8 18. Nxc8 Rxc8 19. Bg5 g6 {Black resigns} 1-0

[Event "Team 45 45 League T48"]
[Site "Internet Chess Club"]
[Date "2011.02.27"]
[Round "3"]
[White "cdir"]
[Black "Xanther"]
[Result "1-0"]
[WhiteElo "1439"]
[BlackElo "1475"]
[Opening "French: advance, Paulsen attack"]
[ECO "C02"]
[Time "15:32:50"]
[TimeControl "2700+45"]

1. e4 e6 2. d4 d5 3. e5 c5 4. c3 Nc6 5. Nf3 Qb6 6. a3 Nh6 7. b4 cxb4 8. cxb4 Nf5
9. Bb2 Be7 10. Be2 O-O 11. O-O Bd7 12. Qd2 Rac8 13. Rd1 a5 14. b5 Na7 15. a4 Bb4
16. Bc3 Bxc3 17. Nxc3 Rc7 18. Rdc1 Rfc8 19. Ra2 Be8 20. Rac2 Bd7 21. Bd3 Kh8 22.
Be2 Kg8 23. Kh1 h6 24. g4 Ne7 25. Rg1 Ng6 26. h4 Be8 27. h5 Nf8 28. g5 f6 29.
gxf6 Bxh5 30. Qxh6 Bxf3+ 31. Bxf3 g6 32. Qe3 Rh7+ 33. Kg2 Qc7 34. Rcc1 Rh4 35.
Rh1 Rxh1 36. Rxh1 Qxc3 37. Qh6 Kf7 {Black resigns} 1-0

[Event "Team 45 45 League T48"]
[Site "Internet Chess Club"]
[Date "2011.02.27"]
[Round "3"]
[White "LazyPeon"]
[Black "katikus"]
[Result "1/2-1/2"]
[WhiteElo "1720"]
[BlackElo "1625"]
[Opening "QGD semi-Slav: Meran, Wade variation"]
[ECO "D47"]
[Time "17:01:05"]
[TimeControl "2700+45"]

1. d4 d5 2. c4 c6 3. Nc3 Nf6 4. Nf3 e6 5. e3 Nbd7 6. Bd3 dxc4 7. Bxc4 b5 8. Bd3
Bb7 9. O-O a6 10. e4 c5 11. d5 exd5 12. exd5 Be7 13. Re1 O-O 14. Bf4 Re8 15. d6
Bf8 16. Qd2 Qb6 17. Rad1 Rxe1+ 18. Rxe1 Re8 19. Rxe8 Nxe8 20. Ne4 Bxe4 21. Bxe4
Nxd6 22. Bb1 Nf6 23. Qc2 g6 24. Be5 Nc4 25. Bf4 Qe6 26. Qc1 Nd5 27. Bh6 Bxh6 28.
Qxh6 Nxb2 29. h4 Nf6 30. Qd2 Nc4 31. Qd8+ Kg7 32. Qd3 Qd5 33. Qe2 Na3 34. Nd2
Nxb1 35. Nxb1 Qe4 36. Nc3 Qxe2 37. Nxe2 Ne4 38. Kf1 b4 39. Ke1 Nc3 40. Nxc3 bxc3
41. Kd1 f6 42. Kc2 g5 43. hxg5 fxg5 44. Kxc3 h5 45. Kc4 Kf6 46. Kxc5 Kf5 47. Kd4
Kf4 48. Kd3 g4 49. Ke2 h4 50. Kf1 h3 51. Kg1 a5 52. a4 hxg2 53. Kxg2 Ke4 54. Kg3
Kf5 55. f3 gxf3 56. Kxf3 Ke5 57. Ke3 Kd5 58. Kd3 Kc5 59. Kc3 {Game drawn by
mutual agreement} 1/2-1/2

[Event "Team 45 45 League T48"]
[Site "Internet Chess Club"]
[Date "2011.02.26"]
[Round "3"]
[White "whiskeytown"]
[Black "room-matt"]
[Result "0-1"]
[WhiteElo "1480"]
[BlackElo "1673"]
[Opening "Scotch game"]
[ECO "C45"]
[Time "15:09:29"]
[TimeControl "2700+45"]

1. e4 e5 2. Nf3 Nc6 3. d4 exd4 4. Nxd4 Bb4+ 5. Nc3 Qh4 6. Be2 Qxe4 7. Nb5 Bxc3+
8. bxc3 Kd8 9. O-O Nf6 10. Re1 Re8 11. Bg5 Qf5 12. Qd2 Ne7 13. Bd3 Qd5 14. c4
Qc5 15. Qf4 d6 16. Bxf6 gxf6 17. Qxf6 a6 18. Nc3 Be6 19. Ne4 Qe5 20. Rab1 Rb8
21. Qxe5 dxe5 22. Nf6 Rh8 23. Rxe5 Ng6 24. Re3 Ke7 25. Nd5+ Kd7 26. Rd1 Kc6 27.
Bxg6 hxg6 28. Ne7+ Kc5 29. Nxg6 Rhd8 30. Rxd8 Rxd8 31. g3 Rd1+ 32. Kg2 Bxc4 33.
Ne5 Bd5+ 34. Nf3 b5 35. Rc3+ Kb6 36. Rd3 Rxd3 37. cxd3 Bxa2 38. Ne5 Kc5 39. h4
Kd6 40. f4 Ke6 41. Nc6 Bd5+ {White resigns} 0-1

[Event "Team 45 45 League T48"]
[Site "Internet Chess Club"]
[Date "2011.03.01"]
[Round "3"]
[White "ticopatzer"]
[Black "tightfist"]
[Result "1-0"]
[WhiteElo "1607"]
[BlackElo "1594"]
[Opening "Queen's gambit declined"]
[ECO "D30"]
[Time "19:08:58"]
[TimeControl "2700+45"]

1. d4 d5 2. c4 e6 3. Nf3 Nf6 4. g3 Bd6 5. Bg2 O-O 6. cxd5 Bb4+ 7. Nc3 Nxd5 8.
Qc2 c6 9. O-O Nxc3 10. bxc3 Be7 11. e4 c5 12. e5 Nc6 13. Rd1 Qc7 14. Bg5 cxd4
15. cxd4 h6 16. Bxe7 Qxe7 17. Rd2 Bd7 18. Rad1 Rfc8 19. Qe4 Rc7 20. d5 exd5 21.
Rxd5 Be6 22. R5d2 Rd7 23. Qh4 Rxd2 24. Rxd2 Qxh4 25. Nxh4 Rc8 26. f4 Kf8 27. Nf3
Ke7 28. a4 Rd8 29. Rxd8 Kxd8 30. Kf2 Bb3 31. a5 Nxa5 32. Nd4 Ba4 33. Bd5 Ke7 34.
Nf5+ Kf8 35. Nd6 Bb3 36. Bxb3 Nxb3 37. Nxb7 Ke7 38. Ke3 Kd7 39. Nd6 Ke6 40. Ke4
g6 41. g4 a6 42. f5+ gxf5+ 43. gxf5+ Ke7 44. Kd5 a5 45. f6+ Kd7 46. Nxf7 a4 47.
e6+ Ke8 48. Nd6+ Kf8 49. e7+ Kg8 50. e8=Q+ Kh7 51. Qf7+ Kh8 52. Qg7# {Black
checkmated} 1-0

[Event "Team 45 45 League T48"]
[Site "Internet Chess Club"]
[Date "2011.02.25"]
[Round "3"]
[White "AlekSaxon"]
[Black "rookmaster23"]
[Result "1-0"]
[WhiteElo "1485"]
[BlackElo "1468"]
[Opening "King's Indian, 3.Nf3"]
[ECO "E90"]
[Time "17:00:24"]
[TimeControl "2700+45"]

1. d4 Nf6 2. c4 g6 3. Nf3 Bg7 4. Nc3 O-O 5. e4 d6 6. Bd3 e5 7. dxe5 dxe5 8. Nxe5
Nxe4 9. Nxe4 Bxe5 10. Bg5 Qd4 11. Rb1 Bf5 12. Be3 Qd8 13. Nc5 Bxd3 14. Qxd3 Bd6
15. O-O b6 16. Rfd1 Nc6 17. Nb7 Ne5 18. Qd5 Qd7 19. Nxd6 Qxd6 20. Qxd6 cxd6 21.
b3 Rad8 22. Bf4 Kg7 23. h4 h6 24. Rd5 f6 25. Rbd1 g5 26. hxg5 hxg5 27. Bxe5 fxe5
28. Rxd6 Rde8 29. Rd7+ Rf7 30. Rxf7+ Kxf7 31. Rd7+ Re7 32. Rd6 e4 33. Rd2 Kf6
34. Re2 Ke5 35. f3 Kd4 36. Rxe4+ Rxe4 37. fxe4 Kxe4 38. Kf2 Kf4 39. b4 Ke5 40.
Ke3 g4 41. g3 Kd6 42. Kd4 Ke6 43. a4 Kd6 44. Ke4 Kc6 45. Kf5 a5 46. bxa5 bxa5
47. Kxg4 Kc5 48. Kf4 Kxc4 49. g4 Kb4 50. g5 Kxa4 51. g6 Kb4 52. g7 a4 53. g8=Q
a3 54. Ke3 Kc3 55. Qa2 Kb4 56. Kd3 Ka4 57. Kc3 {Black resigns} 1-0

[Event "Team 45 45 League T48"]
[Site "Internet Chess Club"]
[Date "2011.02.26"]
[Round "3"]
[White "Theodulf"]
[Black "andrew32"]
[Result "1-0"]
[WhiteElo "1577"]
[BlackElo "1352"]
[Opening "King's pawn opening"]
[ECO "B07"]
[Time "16:15:05"]
[TimeControl "2700+45"]

1. e4 d6 2. d4 g6 3. Nf3 Bg7 4. Be3 Nf6 5. Nc3 O-O 6. Qd2 Ng4 7. Bg5 h6 8. h3
Nxf2 9. Qxf2 hxg5 10. Nxg5 f6 11. Bc4+ e6 12. Nxe6 Bxe6 13. Bxe6+ Kh7 14. O-O-O
Nc6 15. Kb1 Qe7 16. Qh4+ Bh6 17. d5 Ne5 18. Rhf1 Nc4 19. Rd3 Kg7 20. Ka1 Bg5 21.
Qe1 b5 22. h4 Bh6 23. b3 Na3 24. Kb2 b4 25. Ne2 c5 26. c4 f5 27. exf5 Qf6+ 28.
Nc3 Kh8 29. g4 gxf5 30. Rxf5 Qg6 31. Qe4 Rxf5 32. Bxf5 Qf7 33. Qe6 Qxe6 34. dxe6
Bg7 35. Bg6 bxc3+ 36. Rxc3 Bxc3+ 37. Kxc3 Nb1+ 38. Bxb1 Re8 39. Bf5 Kg7 40. Kd3
Kf6 41. Ke4 a5 42. Kd5 Ke7 43. h5 Kf6 44. Kxd6 a4 45. bxa4 Ra8 46. Kxc5 Rxa4 47.
Kb5 Rxa2 48. c5 Ke7 49. h6 Rb2+ 50. Kc6 Kd8 51. h7 Rh2 52. g5 Ke7 53. g6 Kf6 54.
Bd3 Rh3 55. e7 Kxe7 56. g7 Rxd3 57. h8=Q {Black resigns} 1-0

[Event "Team 45 45 League T48"]
[Site "Internet Chess Club"]
[Date "2011.02.27"]
[Round "3"]
[White "isolani"]
[Black "parrot9"]
[Result "0-1"]
[WhiteElo "1500"]
[BlackElo "1608"]
[Opening "QGA, 4.Nc3"]
[ECO "D24"]
[Time "17:01:39"]
[TimeControl "2700+45"]

1. d4 d5 2. Nf3 Nf6 3. c4 dxc4 4. Nc3 e6 5. e4 a6 6. e5 Nd5 7. Bxc4 Nxc3 8. bxc3
b6 9. O-O b5 10. Bd3 Bb7 11. Re1 Be7 12. Bf4 Nd7 13. Qe2 c5 14. Rad1 Qb6 15. Bb1
Rc8 16. Be4 Bxe4 17. Qxe4 O-O 18. d5 exd5 19. Qxd5 Rcd8 20. e6 Nf6 21. exf7+
Rxf7 22. Qb3 c4 23. Qc2 Bc5 24. Rxd8+ Qxd8 25. Rd1 Rd7 26. Rxd7 Qxd7 27. Qd2
Qxd2 28. Nxd2 Nd5 29. Be5 Kf7 30. Ne4 Be7 31. f4 a5 32. Kf2 b4 33. Ke1 b3 34.
axb3 cxb3 35. c4 Nb4 36. Kd2 a4 37. Kc3 Nc6 38. Bc7 h6 39. f5 Bb4+ 40. Kb2 Nd4
41. Be5 a3+ 42. Kb1 Nxf5 43. c5 Ke6 44. Bc3 Bxc3 45. Nxc3 Nd4 46. Na4 Kd5 47. g4
Kc4 48. h4 Kb4 49. g5 {White resigns} 0-1

[Event "Team 45 45 League T48"]
[Site "Internet Chess Club"]
[Date "2011.02.26"]
[Round "3"]
[White "Invicta-Knight"]
[Black "Juan73"]
[Result "1-0"]
[WhiteElo "1583"]
[BlackElo "1637"]
[Opening "Center game: Berger variation"]
[ECO "C22"]
[Time "09:24:20"]
[TimeControl "2700+45"]

1. e4 e5 2. d4 exd4 3. Qxd4 Nc6 4. Qe3 Nf6 5. Nc3 Bb4 6. Bd2 O-O 7. O-O-O Re8 8.
Qg3 Bxc3 9. Bxc3 Rxe4 10. Bd3 Re6 11. Ne2 Qf8 12. h4 Ne4 13. Bxe4 Rxe4 14. Rhe1
d6 15. Nf4 Rxe1 16. Rxe1 f6 17. Nd5 Ne5 18. f4 Ng4 19. Nxc7 Rb8 20. Re8 Bf5 21.
Rxf8+ Rxf8 22. Nb5 Re8 23. Bd2 Rc8 24. Qb3+ Kf8 25. Nxd6 Rxc2+ 26. Qxc2 Bxc2 27.
Kxc2 Nf2 28. Nxb7 Ne4 29. Be3 f5 30. Bxa7 h5 31. Nc5 Nd6 32. Nd3 Ke8 33. a4 Kd7
34. Nc5+ Kc6 35. Ne6 g6 36. b4 Nc4 37. Kc3 Nd6 38. b5+ Kb7 39. Bd4 Ne4+ 40. Kc4
Ng3 41. a5 Ne2 42. a6+ Kb8 43. Be5+ Ka8 44. b6 {Black resigns} 1-0

[Event "Team 45 45 League T48"]
[Site "Internet Chess Club"]
[Date "2011.02.27"]
[Round "3"]
[White "Andressa"]
[Black "dscvdchk"]
[Result "1-0"]
[WhiteElo "1496"]
[BlackElo "1470"]
[Opening "Scandinavian defense"]
[ECO "B01"]
[Time "10:02:50"]
[TimeControl "2700+45"]

1. e4 d5 2. exd5 Nf6 3. Nc3 Nxd5 4. Nxd5 Qxd5 5. Nf3 Bg4 6. Be2 e6 7. O-O Be7 8.
b3 Bf6 9. c4 Qd8 10. Rb1 c5 11. h3 Bf5 12. d3 O-O 13. Ba3 b6 14. b4 cxb4 15.
Bxb4 Re8 16. Rc1 Nc6 17. a3 h6 18. c5 Nxb4 19. axb4 bxc5 20. bxc5 e5 21. c6 Rc8
22. Qc2 Qc7 23. Qc5 Re6 24. Qd5 Rxc6 25. Rxc6 Qxc6 26. Qa5 Qc5 27. Qa6 Qb6 28.
Qa4 a5 29. Nd2 Qb4 30. Qa2 Be6 31. Nc4 Qc3 32. Qa4 Bxc4 33. dxc4 Qb4 34. Qxb4
axb4 35. Rb1 Rb8 36. c5 e4 37. c6 Bc3 38. Bc4 Kf8 39. Kf1 Ke7 40. Ba6 f5 41. c7
Rf8 42. c8=Q Rxc8 43. Bxc8 g6 44. Ke2 Kd6 45. f3 Ke5 46. g3 g5 47. fxe4 fxe4 48.
Bb7 h5 49. Ba6 h4 50. gxh4 gxh4 51. Bc4 Kf4 52. Be6 Ke5 53. Ba2 Kf4 54. Rg1
{Black resigns} 1-0

[Event "Team 45 45 League T48"]
[Site "Internet Chess Club"]
[Date "2011.02.26"]
[Round "3"]
[White "pestka"]
[Black "bobhill"]
[Result "1-0"]
[WhiteElo "2327"]
[BlackElo "1980"]
[Opening "Sicilian: accelerated fianchetto, Maróczy bind, 6.Be3"]
[ECO "B38"]
[Time "16:08:09"]
[TimeControl "2700+45"]

1. Nf3 c5 2. c4 Nc6 3. d4 cxd4 4. Nxd4 g6 5. e4 Bg7 6. Be3 Nf6 7. Nc3 O-O 8. Be2
d6 9. O-O Ne5 10. f3 Bd7 11. Qd2 a6 12. Rac1 Rc8 13. b3 Qc7 14. Rfd1 Rfd8 15. h3
Qb8 16. Nd5 Nxd5 17. exd5 f6 18. f4 Nf7 19. Ne6 Bxe6 20. dxe6 Nh6 21. g4 Kh8 22.
Qd5 b6 23. Kg2 Rf8 24. Bf3 b5 25. Qb7 bxc4 26. Qxb8 Rxb8 27. Rxc4 f5 28. g5 Ng8
29. Kf2 h6 30. h4 h5 31. Ra4 Rfc8 32. Rc1 Rxc1 33. Bxc1 Rc8 34. Rc4 Rxc4 35.
bxc4 Bc3 36. Ke2 Kg7 37. Bd2 Bd4 38. Bb7 Nf6 39. gxf6+ Kxf6 40. Bc8 Bb2 41. Kd3
g5 42. hxg5+ Kg6 43. Bxa6 h4 44. Bb7 Ba3 45. Ke2 Bc5 46. a4 h3 47. Bf3 h2 48. a5
h1=Q 49. Bxh1 Kh5 50. Be3 {Black resigns} 1-0

[Event "Team 45 45 League T48"]
[Site "Internet Chess Club"]
[Date "2011.03.01"]
[Round "3"]
[White "mitus"]
[Black "bgolev"]
[Result "1-0"]
[WhiteElo "1817"]
[BlackElo "1856"]
[Opening "Ruy Lopez: closed, 9.d4"]
[ECO "C91"]
[Time "17:03:23"]
[TimeControl "2700+45"]

1. e4 e5 2. Nf3 Nc6 3. Bb5 a6 4. Ba4 Nf6 5. O-O Be7 6. Re1 b5 7. Bb3 O-O 8. d4
d6 9. c3 exd4 10. cxd4 Na5 11. Bc2 c5 12. d5 Nc4 13. b3 Nb6 14. Bb2 Bg4 15. Nbd2
Nfd7 16. Nf1 Ne5 17. Bxe5 dxe5 18. Ne3 Bxf3 19. Qxf3 g6 20. Rad1 Bd6 21. Qg4 Kh8
22. Qh3 Qe7 23. Ng4 f6 24. Re3 c4 25. Rf3 cxb3 26. axb3 Rac8 27. Bb1 Bc5 28. Qh4
Nd7 29. Rh3 Rf7 30. Kf1 Bd4 31. Rhd3 f5 32. Qxe7 Rxe7 33. exf5 gxf5 34. Ne3 f4
35. Nf5 Rf7 36. Nxd4 exd4 37. Rxd4 Nb6 38. Be4 a5 39. d6 Rd8 40. Bc6 a4 41. bxa4
bxa4 42. Bxa4 Nxa4 43. Rxa4 f3 44. g3 Rb7 45. Ra3 Rxd6 46. Rc1 Rc6 47. Rca1 Rf7
48. h4 Kg7 49. Ke1 Re7+ 50. Re3 Rf7 51. Kd2 Rb6 52. Ra2 Rd6+ 53. Kc1 Kg6 54.
Raa3 Rdf6 55. Kd2 Kh5 56. Re4 Rb7 57. Ra5+ Kg6 58. Rg4+ Kh6 59. Ra2 Rd7+ 60. Kc3
Rc6+ 61. Rc4 Rxc4+ 62. Kxc4 Kh5 63. Kc3 Kg4 64. Rd2 Ra7 65. Kd3 Kh3 66. Ke3 Ra3+
67. Kf4 Kg2 68. g4 Ra4+ 69. Kf5 Ra5+ 70. Kf4 Ra4+ 71. Kf5 Ra5+ 72. Kf4 Ra3 73.
h5 Ra4+ 74. Kf5 Ra5+ 75. Kf6 Ra6+ 76. Kf5 Ra5+ 77. Kf6 Ra1 78. g5 Ra7 79. g6
Ra6+ 80. Kg7 hxg6 81. hxg6 Re6 82. Kf7 Re2 83. Rd7 Re4 84. g7 Rg4 85. Rd2 Rf4+
86. Ke6 Rg4 87. Kf6 Rf4+ 88. Kg5 Kh3 89. Kxf4 {Black resigns} 1-0

[Event "Team 45 45 League T48"]
[Site "Internet Chess Club"]
[Date "2011.02.26"]
[Round "3"]
[White "Beetlejuice"]
[Black "MarkNY"]
[Result "1-0"]
[WhiteElo "1827"]
[BlackElo "1703"]
[Opening "King's Indian, 3.Nf3"]
[ECO "E90"]
[Time "08:03:02"]
[TimeControl "2700+45"]

1. d4 Nf6 2. c4 g6 3. Nf3 Bg7 4. Nc3 O-O 5. e4 d6 6. h3 e5 7. d5 Ne8 8. g4 f5 9.
gxf5 gxf5 10. exf5 Bxf5 11. Be3 Qf6 12. Ng5 Nd7 13. Qd2 c6 14. Nge4 Bxe4 15.
Nxe4 Qf3 16. Ng3 cxd5 17. Be2 Qf7 18. Bh5 Qe6 19. Bg4 Qf7 20. cxd5 Nef6 21. Be6
{Black resigns} 1-0

[Event "Team 45 45 League T48"]
[Site "Internet Chess Club"]
[Date "2011.02.25"]
[Round "3"]
[White "Terte"]
[Black "ben622"]
[Result "0-1"]
[WhiteElo "2082"]
[BlackElo "1992"]
[Opening "Alekhine's defense: modern, Larsen variation"]
[ECO "B04"]
[Time "13:00:50"]
[TimeControl "2700+45"]

1. e4 Nf6 2. e5 Nd5 3. d4 d6 4. Nf3 dxe5 5. Nxe5 c6 6. c4 Nb4 7. Be3 Bf5 8. Bd3
Bxd3 9. Nxd3 Nxd3+ 10. Qxd3 e6 11. O-O Be7 12. Nc3 O-O 13. a3 Nd7 14. Rfd1 Nf6
15. h3 Qd7 16. Qe2 Rfd8 17. g4 h6 18. Qf3 b5 19. c5 Nd5 20. Ne4 f5 21. Nc3 Rf8
22. Nxd5 exd5 23. Qg3 fxg4 24. hxg4 Rae8 25. Kg2 Bf6 26. Rh1 Re4 27. f4 Bxd4 28.
Bxd4 Rxd4 29. f5 Rd2+ 30. Kh3 Rxb2 31. Raf1 Re2 32. Rf3 Rfe8 33. g5 hxg5 34.
Qxg5 d4 35. Rhf1 Qc7 36. Rg3 R2e3 37. Rg1 Rxg3+ 38. Rxg3 Rf8 39. f6 Qd7+ 40. Kh4
Rf7 41. Qe5 Qd8 42. Kh3 Qxf6 43. Qe8+ Rf8 44. Qh5 Qf5+ 45. Qxf5 Rxf5 {White
resigns} 0-1

[Event "Team 45 45 League T48"]
[Site "Internet Chess Club"]
[Date "2011.02.28"]
[Round "3"]
[White "jorobo"]
[Black "nightly"]
[Result "1/2-1/2"]
[WhiteElo "2007"]
[BlackElo "1868"]
[Opening "English: symmetrical, four knights system"]
[ECO "A35"]
[Time "10:01:36"]
[TimeControl "2700+45"]

1. c4 c5 2. Nc3 Nc6 3. Nf3 Nf6 4. d4 cxd4 5. Nxd4 g6 6. g3 Bg7 7. Bg2 O-O 8. O-O
Nxd4 9. Qxd4 d6 10. Qd3 a6 11. h3 Be6 12. Nd5 Nxd5 13. cxd5 Bd7 14. Bg5 h6 15.
Be3 Rc8 16. Qd2 h5 17. Rac1 Rxc1 18. Rxc1 Qb8 19. Bg5 f6 20. Bh6 Rc8 21. Bxg7
Kxg7 22. Rxc8 Qxc8 23. Qe3 Kf7 24. Qh6 Be8 25. Qh7+ Kf8 26. Qh8+ Kf7 27. Be4 f5
28. Bd3 Qc5 29. Qh7+ Kf8 30. Qh8+ Kf7 31. b3 b5 32. Qh7+ Kf8 33. Qh8+ Kf7 34.
Bxf5 gxf5 35. Qxh5+ Kf8 36. Qxf5+ Kg7 37. Qg5+ Kf8 38. h4 Qd4 39. Qh6+ Kg8 40.
Qg5+ Kf8 41. Qh6+ Kg8 42. Qg5+ Kf8 43. Qh6+ Kg8 {Game drawn by repetition}
1/2-1/2

[Event "Team 45 45 League T48"]
[Site "Internet Chess Club"]
[Date "2011.02.26"]
[Round "3"]
[White "poni"]
[Black "azbycx"]
[Result "1/2-1/2"]
[WhiteElo "1953"]
[BlackElo "1875"]
[Opening "Réti: King's Indian attack"]
[ECO "A05"]
[Time "06:00:40"]
[TimeControl "2700+45"]

1. Nf3 Nf6 2. g3 g6 3. Bg2 Bg7 4. O-O O-O 5. d3 d5 6. Nbd2 c5 7. e4 Nc6 8. Re1
Qc7 9. c3 b6 10. e5 Ng4 11. d4 cxd4 12. Nxd4 Ngxe5 13. Bxd5 Bb7 14. Nxc6 Bxc6
15. Bxc6 Qxc6 16. Qe2 Rad8 17. Ne4 f5 18. Ng5 h6 19. Bf4 Rd5 20. Nh3 Rd2 21.
Bxd2 Nf3+ 22. Kf1 Nxh2+ 23. Kg1 Nf3+ 24. Kf1 Nh2+ {Game drawn by mutual
agreement} 1/2-1/2